 Dungeon Crawl Stone Soup version 0.21.1-74-g47da925 (webtiles) character file.

2587 Madoushi the Cleaver (level 9, -17/120 HPs)
             Began as a Minotaur Berserker on Aug 6, 2018.
             Was a Priest of Trog.
             Demolished by an orc warrior
             ... wielding a +0 glaive
              (23 damage)
             ... on level 8 of the Dungeon.
             The game lasted 00:15:40 (7039 turns).

Madoushi the Cleaver (Minotaur Berserker)           Turns: 7039, Time: 00:15:41

Health: -17/120    AC:  8    Str: 29    XL:     9   Next: 32%
Magic:  8/8        EV: 13    Int:  4    God:    Trog [***...]
Gold:   330        SH:  0    Dex: 11    Spells: 8/8 levels left

rFire    + . .     SeeInvis +   A - +0 broad axe
rCold    x . .     Gourm    .   (no shield)
rNeg     . . .     Faith    .   n - +1 scale mail
rPois    .         Spirit   .   (helmet restricted)
rElec    .         Reflect  .   j - +0 cloak
rCorr    .         Harm     .   (no gloves)
MR       .....                  k - +1 pair of boots
Stlth    ..........             u - amulet of regeneration
HPRegen  0.70/turn              p - ring of see invisible
MPRegen  0.11/turn              y - ring of fire

@: berserking, corroded, very quick
A: retaliatory headbutt, horns 2
a: Berserk, Trog's Hand, Burn Spellbooks, Renounce Religion


You were on level 8 of the Dungeon.
You worshipped Trog.
Trog was most pleased with you.
You were near starving.

You visited 1 branch of the dungeon, and saw 8 of its levels.

You collected 330 gold pieces.

Inventory:

Hand Weapons
 a - a +1 hand axe
 w - a cursed +0 war axe
 x - a +1 hand axe of chopping
 A - a +0 broad axe (weapon)
 J - a +1 antimagic battleaxe
Armour
 b - a +0 animal skin
 j - a +0 cloak (worn)
 k - a +1 pair of boots (worn)
 n - a +1 scale mail (worn)
 I - a +0 plate armour
Jewellery
 p - a ring of see invisible (left hand)
 u - an amulet of regeneration (around neck)
 v - a +2 ring of intelligence
 y - a ring of fire (right hand)
 z - an uncursed amulet of faith
 G - an uncursed amulet of magic regeneration {unknown}
Wands
 e - a wand of random effects (17)
 B - a wand of acid (13)
Scrolls
 f - a scroll of teleportation {unknown}
 g - 2 scrolls of fear
 i - a scroll of fog
 l - 4 scrolls of remove curse
 r - a scroll of enchant armour
 t - a scroll of enchant weapon
 F - a scroll of magic mapping {unknown}
 H - a scroll of blinking
Potions
 d - 2 potions of heal wounds {unknown}
 h - 4 potions of curing
 m - a potion of flight {unknown}
 o - 2 potions of lignification {unknown}
 q - 2 potions of cancellation {unknown}
 s - 2 potions of resistance {unknown}
 C - 3 potions of might {unknown}
 D - 3 potions of mutation {unknown}
 E - 2 potions of haste {unknown}
Comestibles
 c - 13 rations


   Skills:
 + Level 7.6 Fighting
 + Level 10.4 Axes
 + Level 7.7 Armour
 + Level 5.5 Dodging
 + Level 1.2 Stealth


You had 8 spell levels left.
You didn't know any spells.

Dungeon Overview and Level Annotations

Branches:
Dungeon (8/15)             Temple (0/1) D:5
   Lair: D:8-11

Altars:
Ashenzari
Cheibriados
Elyvilon
Fedhas
Nemelex Xobeh
Okawaru
Sif Muna
Xom


Innate Abilities, Weirdness & Mutations

You reflexively headbutt those who attack you in melee.
You have a pair of horns on your head.


Message History

You furiously retaliate!
You headbutt the orc warrior!
A red film seems to cover your vision as you go berserk!
You feel yourself moving faster!
You feel mighty!
You are near starving!
The warg bites you!
* * * LOW HITPOINT WARNING * * *
The orc priest barely misses you. The warg closely misses you.
The orc warrior zaps a wand.
The bolt of acid hits you!
* * * LOW HITPOINT WARNING * * *
You are splashed with acid!
The acid burns!
* * * LOW HITPOINT WARNING * * *
You closely miss the warg.
The warg is severely wounded.
You hit the orc priest. You slash the orc!
You kill the orc!
Trog accepts your kill.
You hit the orc warrior. The orc priest barely misses you.
The warg bites you but does no damage.
The orc warrior hits you with a glaive!!
You die...

..................# ....
....$....###).....##.....
.........##<[.....'..#
..........##).....##.#
..........<.......#
..................#
........†.........#
.......$)o........#
#....###@h........#
#.......)o......###
#...............#
#...............#
#...............#
........(........
........(........
....#######....


You could see a warg, an orc warrior and an orc priest.

Vanquished Creatures
  A hippogriff (D:7)
  A wyvern (D:5)
  A warg (D:8)
  An orc warrior (D:8)
  3 ogres
  A phantom (D:5)
  2 centaurs (D:7)
  A crocodile (D:3)
  A bullfrog (D:7)
  A gnoll sergeant (D:5)
  A scorpion (D:6)
  A water moccasin skeleton (D:6)
  3 killer bees (D:7)
  A crimson imp (D:5)
  8 hounds
  3 orc priests
  2 bullfrog skeletons
  Terence (D:2)
  7 orc wizards
  4 worker ants
  A hound zombie (D:5)
  2 hound skeletons (D:6)
  Robin (D:4)
  A howler monkey skeleton (D:6)
  8 gnolls
  8 adders
  2 shadow imps (D:6)
  An ooze (D:4)
  2 adder skeletons (D:6)
  4 worms
  4 dart slugs
  The ghost of dscm the Grave Robber, a weakling DsNe (D:3)
  2 leopard geckos
  31 orcs
  A ball python (D:1)
  6 bats
  4 giant cockroaches
  14 hobgoblins
  2 jackals (D:5)
  A quokka (D:3)
  6 frilled lizards
  A giant cockroach zombie (D:5)
  18 goblins
  A jackal skeleton (D:5)
  4 kobolds
  A quokka skeleton (D:6)
  9 rats
180 creatures vanquished.

Notes
Turn   | Place    | Note
-------+----------+-------------------------------------------
     0 | D:1      | Madoushi the Minotaur Berserker began the quest for the Orb.
     0 | D:1      | Reached XP level 1. HP: 19/19 MP: 0/0
   149 | D:1      | Reached skill level 4 in Axes
   149 | D:1      | Reached XP level 2. HP: 27/27 MP: 1/1
   363 | D:1      | Reached ** piety under Trog
   661 | D:1      | Reached XP level 3. HP: 27/33 MP: 2/2
  1194 | D:2      | Noticed Terence
  1206 | D:2      | Killed Terence
  1206 | D:2      | Reached XP level 4. HP: 34/41 MP: 3/3
  1235 | D:2      | Found a snail-covered altar of Cheibriados.
  1699 | D:3      | Found a faded altar of an unknown god.
  1944 | D:3      | Reached skill level 5 in Axes
  2045 | D:3      | Noticed dscm's ghost (weakling DsNe)
  2054 | D:3      | Killed dscm's ghost
  2057 | D:3      | Reached *** piety under Trog
  2502 | D:3      | Noticed a crocodile
  2511 | D:3      | Killed a crocodile
  2511 | D:3      | Reached XP level 5. HP: 14/47 MP: 4/4
  2766 | D:3      | Found a blossoming altar of Fedhas.
  3209 | D:4      | Noticed an ogre
  3212 | D:4      | Killed an ogre
  3212 | D:4      | Reached XP level 6. HP: 55/55 MP: 5/5
  3226 | D:4      | Reached skill level 6 in Axes
  3333 | D:4      | Reached skill level 5 in Fighting
  3573 | D:4      | Noticed Robin
  3594 | D:4      | Killed Robin
  3594 | D:4      | Reached XP level 7. HP: 57/61 MP: 6/6
  3691 | D:4      | Found an iron altar of Okawaru.
  4548 | D:4      | Reached skill level 7 in Axes
  4646 | D:5      | Entered Level 5 of the Dungeon
  4714 | D:5      | Reached **** piety under Trog
  4719 | D:5      | Reached skill level 5 in Armour
  4723 | D:5      | Noticed a wyvern
  4999 | D:5      | Reached XP level 8. HP: 70/70 MP: 7/7
  5161 | D:5      | Found a staircase to the Ecumenical Temple.
  5217 | D:5      | Reached skill level 8 in Axes
  5758 | D:6      | Found a shattered altar of Ashenzari.
  5761 | D:6      | Reached skill level 1 in Stealth
  6052 | D:6      | Found a deep blue altar of Sif Muna.
  6151 | D:6      | Reached skill level 5 in Dodging
  6447 | D:7      | Found a shimmering altar of Xom.
  6458 | D:7      | Reached skill level 9 in Axes
  6465 | D:7      | Noticed a hippogriff
  6517 | D:7      | Killed a hippogriff
  6517 | D:7      | Reached XP level 9. HP: 60/79 MP: 8/8
  6689 | D:7      | Found a sparkling altar of Nemelex Xobeh.
  6730 | D:7      | Reached skill level 10 in Axes
  6888 | D:7      | Found a white marble altar of Elyvilon.
  7039 | D:8      | Demolished by an orc warrior

Skill      XL: |  1  2  3  4  5  6  7  8  9 |
---------------+----------------------------+-----
Axes           | 4 5 6 7 9 10 | 10.4
Fighting       | 4 5 7 |  7.6
Dodging        | 3 4 5 |  5.5
Armour         | 3 4 5 7 |  7.7
Stealth        | 1 |  1.2

Action                   |  1- 3 |  4- 6 |  7- 9 || total
-------------------------+-------+-------+-------++-------
Melee: Hand axe          |   103 |   112 |   145 ||   360
       Headbutt          |    21 |    16 |    47 ||    84
       Broad axe         |       |       |    91 ||    91
Invok: Berserk           |       |     3 |     3 ||     6
  Use: Scroll            |     1 |       |    13 ||    14
       Potion            |       |       |     1 ||     1
  Eat: Chunk             |       |    10 |     6 ||    16
       Ration            |       |       |     2 ||     2
Armor: Animal skin       |    18 |       |       ||    18
       Scale mail        |       |    37 |   100 ||   137
Dodge: Dodged            |    58 |    64 |   157 ||   279
